Map: Dusk Towers

Players

Fenix

  • Race: Terran Terran
  • League: Silver
  • Spawn Location: 7:00

Fropez - Winner!

  • Race: Protoss Protoss
  • League: Silver
  • Spawn Location: 1:00

VOD

Have the link to the VOD?

Description

Time

  • Played on: May 16, 2016, 6:27 p.m.
  • Length: 25:42
Show
View Real Time Build Order
Export as new Build Order

Fenix Terran 

Build Orders:  

Get SALT Encoding   

  12  0:01  SCV  
  13  0:13  SCV  
  14  0:22  Supply Depot  
  14  0:27  SCV  
  15  0:46  SCV  
  15  0:47  Barracks  
  16  0:53  Refinery  
  16  0:58  SCV  
  17  1:10  SCV  
  18  1:22  SCV  
  19  1:26  Supply Depot  
  19  1:34  Marine, SCV  
  21  1:41  Refinery  
  21  1:47  SCV  
  22  1:52  Marine  
  24  2:01  Orbital Command  
  23  2:09  Factory  
  23  2:16  Barracks Tech Lab  
  23  2:29  SCV  
  24  2:37  Stimpack  
  24  2:39  Marine  
  24  2:41  Command Center  
  25  2:48  Supply Depot  
  25  2:53  Factory Tech Lab  
  25  2:56  Marine  
  26  3:00  Starport  
  26  3:09  SCV  
  27  3:14  Marine  
  28  3:32  Marine  
  29  3:34  Siege Tank, Barracks  
  29  3:39  Supply Depot  
  32  3:44  Medivac  
  34  3:50  Marine  
  34  3:55  SCV  
  36  4:07  SCV  
  36  4:08  Marine  
  36  4:09  Supply Depot  
  38  4:13  Supply Depot  
  38  4:21  Medivac  
  40  4:27  Siege Tank  
  43  4:35  Barracks Reactor  
  43  4:40  Supply Depot  
  43  4:42  SCV  
  44  4:46  Supply Depot  
  44  4:54  SCV  
  45  5:06  SCV  
  39  5:13  Viking  
  37  5:37  SCV  
  38  5:49  SCV  
  39  6:14  Engineering Bay  
  39  6:15  Marine  
  39  6:16  Marine x2  
  39  6:18  SCV  
  43  6:30  SCV  
  43  6:33  Marine  
  41  6:47  Marine  
  41  6:48  Marine  
  41  6:51  Marine, SCV  
  41  6:53  SCV  
  46  7:02  Missile Turret x2  
  46  7:05  Marine x2, SCV  
  46  7:06  Refinery  
  49  7:08  Starport Reactor  
  49  7:09  Marine  
  49  7:10  SCV  
  44  7:18  SCV  
  44  7:23  Marine x2  
  45  7:30  SCV  
  46  7:42  SCV  
  47  7:54  SCV  
  47  7:57  Siege Tank  
  51  8:04  Marine x2  
  51  8:05  Marine, Medivac x2  
  54  8:06  SCV  
  59  8:14  Barracks  
  59  8:18  SCV  
  60  8:21  Command Center  
  60  8:22  Marine x3  
  63  8:30  SCV  
  64  8:40  Marine x2  
  66  8:42  Marine, SCV  
  67  8:54  SCV  
  67  8:58  Marine x2  
  67  9:00  Marine  
  70  9:03  Missile Turret  
  70  9:06  SCV  
  70  9:07  Missile Turret  
  70  9:09  Barracks Reactor  
  71  9:11  Viking  
  71  9:16  Marine x2  
  75  9:18  Marine  
  75  9:19  SCV  
  77  9:33  Marine  
  72  10:59  Marine x5  
  72  11:02  Medivac x2  
  72  11:54  Marine  
  72  11:55  Marine x3  
  72  11:56  Marine  
  72  11:58  Terran Infantry Weapons Level 1  
  77  12:12  Marine, Siege Tank  
  77  12:13  Marine x4  
  85  12:30  Marine  
  85  12:31  Marine x4  
  85  12:32  SCV  
  85  12:36  SCV, Refinery  
  92  12:39  Medivac x2  
  92  12:44  Siege Tank, SCV  
  97  12:48  Marine x2  
  97  12:49  Marine x3  
  105  12:56  SCV  
  106  13:05  Marine  
  106  13:06  Marine x2  
  106  13:11  Marine  
  109  13:23  Supply Depot  
  109  13:26  Siege Tank, SCV  
  113  13:38  SCV  
  105  13:52  Terran Infantry Armor Level 1  
  87  14:09  Marine x3  
  88  14:10  Marine x2  
  88  14:14  SCV  
  93  14:26  SCV  
  93  14:27  Marine x4  
  96  14:38  SCV  
  97  14:40  Supply Depot  
  97  14:41  Marine  
  97  14:43  Siege Tank, Engineering Bay  
  97  14:45  Marine x4, Medivac  
  104  14:50  SCV  
  108  15:02  Refinery  
  108  15:05  Orbital Command  
  108  15:08  SCV  
  108  15:12  Marine x4  
  108  15:13  Marine, Refinery  
  114  15:20  SCV  
  114  16:01  Marine x5  
  119  16:04  Siege Tank  
  119  16:05  Medivac x2  
  119  16:11  Armory  
  74  16:48  Marine x2  
  74  16:49  Marine x3  
  79  16:55  Siege Tank  
  82  17:06  Marine x3  
  82  17:07  Marine x2  
  86  17:24  Marine x5  
  86  17:28  Siege Tank  
  94  17:40  Ghost Academy  
  94  17:42  Marine x5  
  94  17:43  Terran Vehicle Weapons Level 1  
  99  17:59  Marine, Starport  
  99  18:00  Marine x4  
  99  18:04  Orbital Command  
  104  18:18  Marine  
  105  18:21  Terran Infantry Weapons Level 2  
  105  18:22  Terran Infantry Armor Level 2  
  105  18:37  Command Center  
  104  18:55  Marine x3  
  104  18:57  Starport Tech Lab  
  104  18:59  Starport  
  104  19:01  Marine  
  110  19:03  Marauder  
  110  19:08  Personal Cloaking  
  110  19:13  Marine x3  
  113  19:19  Marine  
  116  19:24  Marauder  
  116  19:31  Marine x3, Orbital Command, Cloaking Field  
  116  19:32  Banshee  
  116  19:38  Starport Tech Lab  
  122  19:45  Starport, Ghost  
  124  19:57  SCV  
  125  20:01  Banshee  
  128  20:09  Terran Ship Weapons Level 1, SCV  
  129  20:15  Banshee  
  132  20:21  SCV  
  125  20:33  SCV, Nuke  
  126  20:44  Banshee  
  126  20:45  SCV  
  130  20:55  Ghost  
  132  20:57  SCV  
  132  20:58  Banshee  
  136  21:09  SCV  
  137  21:27  Banshee  
  140  21:36  Starport Tech Lab  
  140  21:37  Supply Depot  
  140  21:43  Banshee  
  141  22:06  Terran Ship Weapons Level 2  
  141  22:08  Banshee  
  144  22:10  Banshee  
  147  22:35  Banshee  
  148  22:56  Fusion Core  
  148  23:02  Supply Depot  
  148  23:05  Refinery  
  148  23:08  Refinery  
  148  23:23  Banshee x3  
  151  24:06  Banshee x2  
  157  24:28  Banshee  
  140  24:49  Banshee  
Show
View Real Time Build Order
Export as new Build Order

Fropez Protoss - Winner!

Build Orders: Oracle Opening 

Get SALT Encoding   

  12  0:01  Probe (Chrono Boost)  
  13  0:18  Pylon  
  13  0:39  Gateway  
  13  0:42  Gateway  
  13  0:46  Probe (Chrono Boost)  
  14  0:56  Probe (Chrono Boost)  
  15  0:59  Pylon  
  15  1:06  Assimilator  
  15  1:09  Probe (Chrono Boost)  
  16  1:20  Probe (Chrono Boost)  
  16  1:22  Assimilator  
  17  1:34  Cybernetics Core  
  17  2:04  Nexus  
  17  2:25  Stargate  
  17  2:33  Probe (Chrono Boost)  
  18  2:38  Warp Gate (Chrono Boost)  
  19  2:44  Probe (Chrono Boost)  
  19  2:55  Mothership Core (Chrono Boost)  
  21  3:13  Probe (Chrono Boost)  
  21  3:16  Oracle  
  22  3:25  Assimilator  
  25  3:30  Assimilator  
  25  3:34  Probe  
  25  3:36  Probe  
  25  3:39  Pylon  
  27  3:47  Oracle  
  30  4:02  Probe  
  31  4:03  Probe  
  32  4:14  Probe  
  32  4:15  Probe  
  34  4:19  Pylon  
  34  4:26  Probe  
  34  4:29  Pylon  
  35  4:41  Probe  
  35  4:45  Probe  
  37  4:47  Zealot  
  37  4:48  Oracle  
  36  5:09  Stalker  
  37  5:27  Probe  
  38  5:32  Stalker  
  40  5:47  Stalker  
  40  6:04  Stalker  
  42  6:23  Stalker  
  40  6:51  Probe  
  41  6:55  Nexus  
  41  6:59  Assimilator  
  41  7:02  Assimilator  
  41  7:03  Probe  
  41  7:05  Pylon  
  41  7:06  Pylon  
  39  7:34  Probe  
  40  7:37  Stalker x2  
  44  7:46  Probe  
  44  7:51  Nexus  
  45  7:53  Robotics Facility  
  45  7:54  Assimilator  
  45  8:02  Robotics Facility  
  45  8:03  Probe  
  46  8:08  Probe  
  47  8:15  Probe  
  47  8:19  Probe  
  48  8:21  Stalker  
  51  8:29  Probe  
  52  8:57  Probe  
  52  8:58  Probe  
  52  9:02  Probe  
  55  9:10  Probe  
  56  9:18  Immortal (Chrono Boost)  
  56  9:19  Immortal (Chrono Boost)  
  56  9:23  Pylon, Stalker x2  
  68  9:26  Pylon  
  58  9:42  Probe  
  60  9:47  Stalker x2  
  63  10:02  Pylon  
  63  10:06  Pylon  
  53  10:30  Immortal x2 (Chrono Boost)  
  55  10:50  Gateway  
  55  10:56  Gateway  
  55  10:57  Gateway  
  55  10:58  Pylon  
  52  11:17  Probe  
  52  11:18  Probe  
  54  11:27  Immortal x2 (Chrono Boost)  
  54  11:30  Probe x2  
  64  11:42  Probe x2  
  66  11:54  Probe x2  
  68  12:06  Probe x2  
  70  12:11  Nexus  
  70  12:13  Assimilator  
  70  12:17  Assimilator  
  70  12:18  Probe x2  
  70  12:21  Pylon  
  72  12:23  Forge  
  72  12:26  Pylon  
  72  12:30  Probe  
  72  12:36  Cybernetics Core  
  73  12:37  Probe  
  73  12:39  Zealot  
  76  12:44  Pylon  
  76  12:46  Pylon  
  76  12:47  Immortal (Chrono Boost)  
  76  12:49  Immortal (Chrono Boost)  
  84  12:57  Protoss Ground Weapons Level 1 (Chrono Boost)  
  84  13:04  Probe  
  83  13:17  Stalker x3  
  89  13:24  Immortal (Chrono Boost)  
  89  13:26  Immortal (Chrono Boost)  
  99  13:27  Mothership Core  
  92  13:51  Stalker x3  
  86  14:10  Probe x2  
  88  14:20  Stalker  
  88  14:22  Probe  
  91  14:35  Probe x2  
  93  14:53  Twilight Council  
  93  14:56  Pylon, Probe x2  
  95  15:04  Immortal  
  95  15:08  Probe x2  
  95  15:12  Nexus  
  101  15:15  Stalker x2  
  101  15:16  Protoss Ground Weapons Level 2 (Chrono Boost)  
  101  15:20  Probe  
  106  15:25  Probe  
  107  15:30  Blink (Chrono Boost)  
  107  15:38  Observer  
  108  15:44  Stalker x3  
  114  15:59  Pylon, Probe x2  
  114  16:00  Pylon  
  116  16:05  Pylon  
  116  16:08  Stalker  
  116  16:09  Stalker x2  
  84  16:49  Probe, Stalker x3  
  84  16:50  Probe x2  
  84  16:53  Immortal x2  
  101  17:02  Gateway  
  101  17:05  Gateway  
  101  17:09  Pylon, Gateway  
  101  17:12  Pylon  
  101  17:16  Gateway  
  101  17:17  Pylon  
  101  17:20  Forge  
  101  17:25  Assimilator  
  101  17:31  Stalker x3  
  101  17:34  Protoss Ground Weapons Level 3 (Chrono Boost)  
  101  17:35  Immortal  
  111  17:56  Protoss Ground Armor Level 1 (Chrono Boost)  
  111  18:03  Immortal  
  115  18:10  Stalker x4  
  115  18:12  Stalker  
  125  18:15  Immortal  
  129  18:42  Observer  
  130  18:52  Stalker x6  
  142  19:02  Photon Cannon  
  142  19:04  Pylon  
  142  19:05  Photon Cannon  
  142  19:06  Probe x2  
  142  19:09  Pylon  
  144  19:11  Immortal x2  
  144  19:16  Pylon  
  152  19:21  Pylon  
  152  19:41  Stalker  
  152  19:42  Stalker x6  
  158  20:43  Stalker x3  
  158  20:44  Stalker x4  
  172  20:51  Gateway  
  172  20:59  Templar Archives  
  172  21:24  Probe x2  
  174  21:27  Nexus  
  174  21:28  Probe  
  174  21:30  Assimilator  
  175  21:34  Assimilator  
  175  21:35  Protoss Ground Armor Level 2 (Chrono Boost)  
  175  21:36  Protoss Shields Level 1 (Chrono Boost), Immortal, Probe x2  
  175  21:37  Pylon x2  
  181  21:42  Pylon  
  181  21:46  Pylon  
  181  21:54  Pylon  
  181  21:59  Pylon, Photon Cannon  
  181  22:05  Photon Cannon  
  181  22:17  Probe  
  181  22:18  Probe x2  
  184  22:23  Photon Cannon  
  184  22:30  Probe  
  185  22:54  Photon Cannon  
  183  23:54  Stalker x6  
  183  23:55  Stalker  
  197  24:04  Observer x2 (Chrono Boost)  
  199  24:25  Observer  
  192  25:09  Nexus  
  192  25:12  Assimilator  
  182  25:17  Assimilator  
Tags
 
Matchup
PvT
Replay Pack
All Mines
Spawn Locations
Cross Positions
Add a new tag
Caveats
  • Supply blocks, unpowered buildings, or Contaminate may cause inaccurate times.
  • Supply counts are checked every 10 seconds.